 Dungeon Crawl Stone Soup version 0.29-a0-341-g24ffce5b50 (webtiles) character file.

Game seed: 7322524371099119497

86 Agony the Bolt Thrower (level 4, -3/27 HPs)
             Began as a Tengu Hunter on Apr 20, 2022.
             Slain by an orc
             ... wielding a +0 hand axe
              (4 damage)
             ... on level 3 of the Dungeon.
             The game lasted 00:07:23 (1591 turns).

Agony the Bolt Thrower (Tengu Hunter)               Turns: 1591, Time: 00:07:24

Health: -3/27      AC:  3    Str: 12    XL:     4   Next: 50%
Magic:  0/5        EV: 13    Int:  9    God:
Gold:   113        SH:  0    Dex: 19    Spells: 3/3 levels left

rFire   . . .      SeeInvis .   a - +1 hand crossbow
rCold   . . .      Faith    .   (no shield)
rNeg    . . .      Spirit   +   b - +0 leather armour
rPois   +          Reflect  .   (helmet restricted)
rElec   .          Harm     .   (no cloak)
rCorr   .          Rampage  .   (no gloves)
Will    .....                   (boots unavailable)
Stlth   ++........              g - amulet of guardian spirit
HPRegen 0.09/turn               k - ring of poison resistance
MPRegen 0.09/turn               (no ring)

@: no status effects
A: beak, talons 3
a: no special abilities


You were on level 3 of the Dungeon.
You visited 1 branch of the dungeon, and saw 3 of its levels.

You collected 113 gold pieces.

Inventory:

Hand Weapons
 a - a +1 hand crossbow (weapon)
Armour
 b - a +0 leather armour (worn)
Jewellery
 g - an amulet of guardian spirit (around neck)
 k - a ring of poison resistance (left hand)
Scrolls
 c - a scroll of immolation
 d - 4 scrolls of identify {unknown}
 f - a scroll of teleportation {unknown}
 i - 2 scrolls of fog {unknown}
 l - a scroll of fear {unknown}
 n - a scroll of noise {unknown}
 o - a scroll of enchant armour {unknown}
Potions
 e - a potion of attraction {unknown}
 h - a potion of curing {unknown}
 j - a potion of lignification {unknown}
 m - a potion of cancellation {unknown}
 p - a potion of degeneration {unknown}
 q - a potion of berserk rage {unknown}


   Skills:
 + Level 2.8 Fighting
 + Level 4.9 Crossbows
 + Level 3.2 Dodging
 + Level 2.2 Stealth


You had 3 spell levels left.
You didn't know any spells.
Your spell library was empty.

Dungeon Overview and Level Annotations

Branches:
Dungeon (3/15)

Altars:

Shops:
D:2 !


Innate Abilities, Weirdness & Mutations

You have a beak for a mouth.
You have claws for feet.


Message History

Aim: an orc, wielding a +0 hand axe and wearing a +0 chain mail (heavily wounded, 72% to hit)
You shoot a bolt. The bolt barely misses the orc.
The orc hits you with a +0 hand axe.
* * * LOW HITPOINT WARNING * * *
Unknown command.
Shoot: a) +1 hand crossbow
Press: ? - help, Q - select action Shift-Dir - straight line, p - orc You can't see that place.
You can't see that place.
Okay, then.
Shoot: a) +1 hand crossbow
Press: ? - help, Q - select action Shift-Dir - straight line You shoot a bolt.
The orc hits you but does no damage.
Shoot: a) +1 hand crossbow
Press: ? - help, Q - select action Shift-Dir - straight line, f - orc
Aim: an orc, wielding a +0 hand axe and wearing a +0 chain mail (heavily wounded, 72% to hit)
You shoot a bolt. The bolt hits the orc.
The orc is almost dead.
The orc hits you with a +0 hand axe.
* * * LOW HITPOINT WARNING * * *
The orc attacks as you move away! The orc closely misses you.
The orc attacks as you move away! The orc barely misses you.
There is a stone staircase leading down here.
The orc attacks as you move away! The orc closely misses you.
You see here a +0 dagger.
The orc attacks as you move away! The orc hits you with a +0 hand axe.
* * * LOW HITPOINT WARNING * * *
The orc attacks as you move away! The orc closely misses you.
The orc attacks as you move away! The orc misses you.
The orc attacks as you move away! The orc hits you but does no damage.
The orc attacks as you move away! The orc closely misses you.
The orc attacks as you move away! The orc hits you with a +0 hand axe.
* * * LOW HITPOINT WARNING * * *
The orc attacks as you move away! The orc barely misses you.
The orc attacks as you move away! The orc misses you.
A kobold comes into view. It is wielding a +0 club.
The orc attacks as you move away! The orc hits you but does no damage.
The orc attacks as you move away! The orc hits you with a +0 hand axe.
You die...

#### #... ##K.#
#..# #
############@# #
###.........go.#
###...############
....#####
##......#
......(....
#######..## .# .#


You could see an orc, a goblin and a kobold.

Vanquished Creatures
  Natasha (D:3)
  2 adders (D:2)
  7 endoplasms
  3 giant cockroaches (D:1)
  6 goblins
  3 hobgoblins (D:1)
  2 jackals (D:1)
  5 kobolds (D:1)
  5 ball pythons (D:1)
  3 bats
  4 rats (D:1)
41 creatures vanquished.

Vanquished Creatures (others)
  11 plants (D:1)
11 creatures vanquished.

Grand Total: 52 creatures vanquished

Notes
Turn   | Place    | Note
-------+----------+-------------------------------------------
     0 | D:1      | Agony the Tengu Hunter began the quest for the Orb.
     0 | D:1      | Reached XP level 1. HP: 12/12 MP: 2/2
   140 | D:1      | Reached XP level 2. HP: 17/17 MP: 3/3
   316 | D:1      | Reached XP level 3. HP: 22/22 MP: 4/4
   623 | D:1      | Found a faded altar of an unknown god.
  1108 | D:2      | Found Xuushric's Distillery.
  1219 | D:2      | Reached XP level 4. HP: 25/27 MP: 3/5
  1446 | D:3      | Noticed Natasha
  1452 | D:3      | Killed Natasha
  1585 | D:3      | HP: 1/27 [orc/+0 hand axe (3)]
  1591 | D:3      | Slain by an orc

Illustrated notes

Levels and vault maps discovered:
D:1:      evilmike_arrival_hilbert_curve, layout_loops_ring,
          nicolae_ecumenical_lake_church, st_stairs_9, serial_bayou_lagoon_a,
          nrook_mini_vaults
D:2:      layout_basic, serial_shops, nicolae_shop_statue_plus
D:3:      layout_rooms, grunt_decor_clamped, uniq_natasha, uniq_jessica,
          uniq_grinder

Skill      XL: |  1  2  3 |
---------------+----------+-----
Dodging        | 3 |  3.2
Stealth        | 2 |  2.2
Fighting       | |  2.8
Crossbows      | |  4.9

Action                   |  1- 3 |  4- 6 || total
-------------------------+-------+-------++-------
 Fire: Hand crossbow     |    75 |    27 ||   102
Armor: Leather armour    |     7 |     5 ||    12
Dodge: Dodged            |     9 |    17 ||    26

Table legend: (Time is in decaauts)
 A = Elapsed time spent in this place.
 B = Non-inter-level travel time spent in this place.
 C = Inter-level travel time spent in this place.
 D = Time resting spent in this place.
 E = Time spent auto-exploring this place.
 F = Levels seen in this place.
 G = Mean time per level.
                   A        B        C        D        E       F      G
               +--------+--------+--------+--------+--------+-----+--------+
         Total |   1631 |   1524 |    107 |    154 |   1015 |   3 |  543.7 |
       Dungeon |   1631 |   1524 |    107 |    154 |   1015 |   3 |  543.7 |
               +--------+--------+--------+--------+--------+-----+--------+

Top non-repeatable levels by time:
     D:1: 1106 daAuts
     D:2: 373 daAuts
     D:3: 151 daAuts
